 Dungeon Crawl Stone Soup version 0.29.1-12-g30fa7ad0bf (webtiles) character file.

Game seed: 2217793997098009014

1030 hawla the Firebug (level 8, -10/87 HPs)
             Began as a Meteoran Fire Elementalist on Jan 13, 2023.
             Mangled by a warg (12 damage)
             ... on level 9 of the Dungeon.
             The game lasted 00:09:45 (2512 turns).

hawla the Firebug (Meteoran Fire Elementalist)      Turns: 2512, Time: 00:09:45

Health: -10/87     AC: 24    Str: 20    XL:     8   Next: 76%
Magic:  13/18      EV:  2    Int: 18    God:
Gold:   284        SH:  0    Dex: 15    Spells: 12/19 levels left

rFire   . . .      SeeInvis .   s - +8 short sword of Wozorol {flame, *Slow rElec rC- Str+10}
rCold   x . .      Faith    .   (no shield)
rNeg    . . .      Spirit   .   (body armour currently unavailable)
rPois   +          Reflect  .   (helmet currently unavailable)
rElec   +          Harm     .   (cloak currently unavailable)
rCorr   .          Rampage  .   (gloves currently unavailable)
Will    +....      NoTele   +   (boots currently unavailable)
Stlth   +.........              (no amulet)
HPRegen 0.24/turn               (no ring)
MPRegen 0.16/turn               (no ring)

@: tree-form, glowing
A: stationary, stasis, torment immunity, boosted hp, sense surroundings 1,
otherworldly, glowing, explore regen
a: no special abilities


You were on level 9 of the Dungeon.
You were a tree.
You visited 2 branches of the dungeon, and saw 8 of its levels.

You collected 284 gold pieces.

Inventory:

Hand Weapons
 s - the +8 short sword of Wozorol (weapon) {flame, *Slow rElec rC- Str+10}
   (You found it on level 4 of the Dungeon)

   It burns those it strikes, dealing additional fire damage.
   Str:       It affects your strength (+10).
   rC:        It makes you vulnerable to cold.
   rElec:     It insulates you from electricity.
   *Slow:     It may slow you when you take damage.
Armour
 a - a +0 robe (melded)
 g - a +1 pair of gloves (melded)
 j - a +0 helmet (melded)
 r - a +0 cloak (melded)
Jewellery
 d - a +4 ring of protection
 p - a ring of fire
Wands
 l - a wand of iceblast (5) (quivered)
 q - a wand of quicksilver (10)
Scrolls
 e - a scroll of enchant armour
 h - 2 scrolls of teleportation
 i - a scroll of fear
 n - a scroll of blinking {unknown}
Potions
 c - a potion of might {unknown}
 f - a potion of lignification
 k - a potion of berserk rage {unknown}
 m - 2 potions of curing {unknown}
 o - a potion of heal wounds {unknown}


   Skills:
 + Level 0.4 Fighting
 + Level 0.2 Short Blades
 + Level 3.3 Dodging
 - Level 1.4 Stealth
 + Level 6.4 Spellcasting
 + Level 6.1 Conjurations
 + Level 6.9 Fire Magic
 + Level 3.0 Evocations


You had 12 spell levels left.
You knew the following spells:

 Your Spells              Type           Power      Damage    Failure   Level
a - Foxfire               Conj/Fire      100%       2x1d9     1%          1
b - Scorch                Fire           60%        2d8       1%          2
c - Flame Wave            Conj/Fire      29%        2d9       8%          4

Your spell library contained the following spells:

 Spells                   Type           Power      Damage    Failure   Level
 Conjure Flame            Conj/Fire      29%        6-21      2%          3
 Inner Flame              Hex/Fire       18%        N/A       9%          3
 Summon Small Mammal      Summ           20%        N/A       12%         1
 Call Canine Familiar     Summ           5%         N/A       34%         3
 Summon Guardian Golem    Hex/Summ       5%         N/A       34%         3


Dungeon Overview and Level Annotations

Branches:
Dungeon (6/15) Zot: 1949   Temple (1/1) D:4 Zot: 324     Orc (0/2) D:9

Altars:
Ashenzari
Dithmenos
Elyvilon
Fedhas
Gozag
Kikubaaqudgha
Nemelex Xobeh
Ru
Sif Muna
Trog
Uskayaw
Zin

Shops:
D:5 *


Innate Abilities, Weirdness & Mutations

You are a tree.
Your roots penetrate the ground, keeping you stationary.
You cannot be teleported.
You are immune to unholy pain and torment.
Your maximum health is greatly increased.
Your equipment is partially melded.
You passively map a small area around you.
You are easily found by Zot.
You glow in the dark.
You regain HP and MP as you explore.


Message History

2 wargs come into view.
Found a staircase to the Orcish Mines.
The warg howls!
The warg moves out of view.
You puncture the warg! You burn the warg.
The warg is moderately wounded.
The warg bites you!
You barely miss the warg.
The warg is moderately wounded.
The warg bites you. The warg bites you! The warg closely misses you.
Casting: Foxfire (safe; 1% risk of failure)
Confirm with . or Enter, or press ? or * to list all spells.
Casting: Flame Wave (dangerous; 8% risk of failure)
Press: ? - help, Dir - look around, f - activate A wave of flame ripples out!
The flame wave engulfs the warg.
The warg is moderately wounded.
The flame wave engulfs the warg.
The warg is lightly wounded. (Press . to intensify the flame waves.)
You hear a shout! x5
The warg bites you! The warg closely misses you. x2
A wave of flame ripples out!
The flame wave engulfs the warg.
The warg is heavily wounded.
The flame wave engulfs the warg.
The warg is moderately wounded.
The flame wave engulfs the warg!
The warg is moderately wounded.
The warg barely misses you. The warg bites you!
* * * LOW HITPOINT WARNING * * *
Really quaff the potion of lignification?
You turn into a tree.
Your +0 cloak melds into your body.
Your +0 helmet melds into your body.
Your +1 pair of gloves melds into your body.
Your +0 robe melds into your body.
Your roots penetrate the ground.
The warg bites you but does no damage. x2; The warg bites you!
* * * LOW HITPOINT WARNING * * *
It was a potion of flight.
Your roots keep you in place.
The warg bites you!
* * * LOW HITPOINT WARNING * * *
The warg bites you but does no damage. The warg bites you!
You die...

......### ,
....#...### *
, *
....###...##
....# ###..#
*, ....#
##.### ....#
#...# ....#
###.# #####
#.######
#....♣h#
######hhh....
, ##...>.
*,.... ,##. *
, * * * * ,


You could see 4 wargs.

Vanquished Creatures
  Sigmund (D:3)
  Menkaure (D:4)
  Pargi (D:3)
  A black bear (D:5)
  A centaur (D:9)
  Blork the orc (D:5)
  2 scorpions
  A hound (D:5)
  An iguana (D:4)
  8 gnolls
  11 adders
  3 worms
  8 orcs
  10 endoplasms
  3 giant cockroaches
  4 goblins
  7 hobgoblins
  2 quokkas
  7 ball pythons
  2 bats
  A kobold (D:4)
  5 rats
81 creatures vanquished.

Vanquished Creatures (others)
  144 foxfires
144 creatures vanquished.

Grand Total: 225 creatures vanquished

Notes
Turn   | Place    | Note
-------+----------+-------------------------------------------
     0 | D:1      | hawla the Meteoran Fire Elementalist began the quest for
                  | the Orb.
     0 | D:1      | Reached XP level 1. HP: 14/14 MP: 5/5
    55 | D:1      | Reached XP level 2. HP: 20/20 MP: 1/6
    63 | D:1      | Learned a level 2 spell: Scorch
   168 | D:2      | Reached XP level 3. HP: 24/26 MP: 1/8
   317 | D:2      | Reached XP level 4. HP: 33/33 MP: 3/9
   318 | D:3      | Noticed Sigmund
   326 | D:2      | Learned a level 4 spell: Flame Wave
   448 | D:3      | Noticed Pargi
   454 | D:3      | Killed Pargi
   455 | D:3      | Reached XP level 5. HP: 35/38 MP: 5/10
   488 | D:3      | Killed Sigmund
   489 | D:3      | Reached skill level 5 in Conjurations
   489 | D:3      | Reached skill level 5 in Fire Magic
   489 | D:3      | Reached XP level 6. HP: 45/45 MP: 2/13
   507 | D:3      | Reached XP level 7. HP: 50/50 MP: 12/14
   516 | D:3      | Found an ancient bone altar of Kikubaaqudgha.
   644 | D:4      | Found a staircase to the Ecumenical Temple.
   658 | D:4      | Reached skill level 5 in Spellcasting
   660 | Temple   | Entered the Ecumenical Temple
  1070 | D:4      | Noticed Menkaure
  1075 | D:4      | Killed Menkaure
  1076 | D:4      | Reached XP level 8. HP: 30/57 MP: 10/17
  1188 | D:4      | Reached skill level 1 in Evocations
  1320 | D:4      | Found a white marble altar of Elyvilon.
  1411 | D:4      | Identified the +8 short sword of Wozorol {flame, *Slow
                  | rElec rC- Str+10}
  1534 | D:5      | Entered Level 5 of the Dungeon
  1604 | D:5      | Found a shimmering blue altar of Sif Muna.
  1881 | D:5      | Found Tuukeag's General Store.
  2006 | D:5      | Noticed Blork the orc
  2016 | D:5      | Killed Blork the orc
  2451 | D:6      | You fall into a shaft and drop 3 floors!
  2505 | D:9      | Found a staircase to the Orcish Mines.
  2512 | D:9      | HP: 2/87 [warg (9)]
  2512 | D:9      | Mangled by a warg

Illustrated notes

Levels and vault maps discovered:
D:1:      giann_bridges, layout_rooms
D:2:      layout_basic
D:3:      layout_rooms, mainiacjoe_overflow_alcove_2,
          nicolae_kikubaaqudgha_miasma_corner, serial_shops, shop,
          grunt_decor_fettered, uniq_pargi, uniq_sigmund
D:4:      layout_basic, mainiacjoe_overflow_paths, minmay_temple_entry_arrows,
          uniq_menkaure
D:5:      wander_river, layout_basic, nicolae_overflow_crystal_walls,
          serial_shops, shop_fountains, kennysheep_potato, uniq_blork_the_orc
D:6:      layout_basic, amcnicky_altar_gilded, uniq_crazy_yiuf_cottage,
          uniq_grinder
D:9:      layout_basic, erik_lair_orcish_takeover, minmay_orc_entry_guard_dogs,
          minmay_between, uniq_erica
Temple:   compressed_dpeg_triangle_lava_temple

Skill      XL: |  1  2  3  4  5  6  7  8 |
---------------+-------------------------+-----
Fire Magic     | 4 5 6 |  6.9
Spellcasting   | 3 4 5 6 |  6.4
Conjurations   | 4 5 6 |  6.1
Dodging        | 3 |  3.3
Evocations     | 3 |  3.0
Fighting       | |  0.4
Short Blades   | |  0.2
Stealth        | |  1.4

Action                   |  1- 3 |  4- 6 |  7- 9 || total
-------------------------+-------+-------+-------++-------
Melee: Unarmed           |     3 |       |     8 ||    11
       Short sword       |       |       |     7 ||     7
 Cast: Foxfire           |    19 |    19 |    51 ||    89
       Scorch            |     7 |     9 |    19 ||    35
       Flame Wave        |       |       |     5 ||     5
  Use: Scroll            |     2 |       |     5 ||     7
       Potion            |       |     1 |     2 ||     3
Armor: Robe              |       |     1 |    16 ||    17
       Skin              |       |       |     3 ||     3
Dodge: Dodged            |     5 |     6 |    26 ||    37
